 Dungeon Crawl Stone Soup version 0.27.0-1-g7a089689b8 (webtiles) character file.

Game seed: 5718351621238263632

10645 Spaninq the Grappler (level 11, -11/99 HPs)
             Began as a Troll Warper on Aug 5, 2021.
             Was an Elder of Zin.
             Killed from afar by a gargoyle (25 damage)
             ... with a stone arrow
             ... on level 10 of the Dungeon.
             The game lasted 00:35:01 (10187 turns).

Spaninq the Grappler (Troll Warper)                Turns: 10187, Time: 00:35:02

Health: -11/99     AC:  7    Str: 24    XL:     11   Next: 38%
Magic:  12/13      EV:  9    Int:  7    God:    Zin [****..]
Gold:   486        SH:  0    Dex:  5    Spells: 9/12 levels left

rFire    . . .     SeeInvis .     - Unarmed
rCold    . . .     Faith    .   (no shield)
rNeg     . . .     Spirit   .   s - +0 troll leather armour
rPois    .         Reflect  .   (helmet restricted)
rElec    .         Harm     .   m - +0 cloak
rCorr    .         Rampage  .   (gloves unavailable)
Will     .....                  (boots unavailable)
Stlth    +.........             (no amulet)
HPRegen  2.26/turn              (no ring)
MPRegen  0.13/turn              (no ring)

@: on recite cooldown, slowed, very slow
A: large, unfitting armour, claws 3, regeneration 1, shaggy fur 1, tough skin 1,
clumsy 2, dopey 1, frail 1
a: Renounce Religion, Recite, Vitalisation, Imprison, Donate Gold


You were on level 10 of the Dungeon.
You worshipped Zin.
Zin was greatly pleased with you.
You visited 2 branches of the dungeon, and saw 12 of its levels.

You collected 538 gold pieces.
You donated 52 gold pieces to Zin.

Inventory:

Hand Weapons
 e - a +1 hunting sling of freezing
 r - a +1 scimitar of flaming
Missiles
 c - 9 boomerangs of dispersal (quivered)
 g - 189 stones
 n - 16 boomerangs
Armour
 m - a +0 cloak (worn)
 s - a +0 troll leather armour (worn)
Wands
 h - a wand of acid (5)
 q - a wand of mindburst (17)
Scrolls
 b - a scroll of blinking
 i - 7 scrolls of identify
 j - a scroll of magic mapping
 l - 2 scrolls of teleportation
 o - a scroll of fear
 t - a scroll of enchant armour
Potions
 d - a potion of magic
 k - a potion of invisibility
 p - 4 potions of curing


   Skills:
 + Level 8.1 Fighting
 - Level 0.8 Throwing
 + Level 3.2 Armour
 + Level 3.9 Dodging
 * Level 13.1 Unarmed Combat
 - Level 1.2 Spellcasting
 - Level 2.1 Translocations
 - Level 4.4 Invocations


You had 9 spell levels left.
You knew the following spells:

 Your Spells              Type           Power      Damage    Failure   Level
a - Blink                 Tloc           N/A        N/A       28%         2
b - Apportation           Tloc           6%         N/A       19%         1

Your spell library contained the following spells:

 Spells                   Type           Power      Damage    Failure   Level
 Animate Skeleton         Necr           0%         N/A       43%         1
 Corona                   Hex            0%         N/A       43%         1
 Foxfire                  Conj/Fire      0%         2x1d4     43%         1
 Freeze                   Ice            0%         1d3       43%         1
 Summon Small Mammal      Summ           0%         N/A       43%         1
 Gell's Gravitas          Tloc           1%         N/A       50%         3
 Lesser Beckoning         Tloc           1%         N/A       50%         3
 Teleport Other           Tloc           3%         N/A       50%         3
 Conjure Flame            Conj/Fire      0%         6-21      82%         3
 Frozen Ramparts          Ice            0%         1d2       82%         3
 Inner Flame              Hex/Fire       0%         N/A       82%         3
 Ozocubu's Armour         Ice            0%         N/A       82%         3
 Hailstorm                Conj/Ice       0%         3d3       99%         4
 Manifold Assault         Tloc           3%         N/A       99%         5
 Metabolic Englaciation   Hex/Ice        0%         N/A       100%        5
 Simulacrum               Ice/Necr       0%         N/A       100%        6


Dungeon Overview and Level Annotations

Branches:
Dungeon (11/15)            Temple (1/1) D:7
   Lair: D:8-11         Orc: D:9-12

Altars:
Ashenzari
Cheibriados
Dithmenos
Elyvilon
Fedhas
Gozag
Hepliaklqana
Kikubaaqudgha
Makhleb
Nemelex Xobeh
Okawaru
Qazlal
Ru
Sif Muna
Trog
Uskayaw
Vehumet
Wu Jian
Xom
Yredelemnul
Zin
The Shining One

Shops:
D:2 !   D:6 :=(*!

Annotations:
D:7 3 runed translucent doors, TheBeaver's ghost, novice DrMo; esper6's ghost, novice VSBr
D:11 Fannar


Innate Abilities, Weirdness & Mutations

You are too large for most types of armour.
You have claws for hands.
Your natural rate of healing is unusually fast.
You are covered in fur. (AC +1)
You have tough skin. (AC +1)
You are very clumsy. (Dex -4)
You are dopey. (Int -2)
You are frail. (-10% HP)


Message History

You mangle the howler monkey!!
You kill the howler monkey!
The wraith is no longer dazed.
Fannar gestures wildly while chanting.
A wolf comes into view.
A wolf comes into view.
The wolf howls!
You hear a howl! x2; You hear an angry growl.
Fannar hits you with a +0 quarterstaff of freezing!
Fannar freezes you.
You scratch the gargoyle but do no damage.
The gargoyle seems less confused.
The gargoyle hits you with a +0 dire flail!!
Fannar barely misses you. The wraith hits you but does no damage.
The ice beast hits you but does no damage.
The wraith hits you. The wraith drains your vigour!
You feel yourself slow down.
An orc warrior comes into view. It is wielding a +0 halberd.
There is a stone staircase leading up, spattered with blood here.
The ice beast hits you. The ice beast freezes you.
The gargoyle hits you with a +0 dire flail!
Fannar gestures wildly while chanting.
The wraith closely misses you. The ice beast hits you.
The ice beast freezes you!
The gargoyle hits you with a +0 dire flail.
The wraith hits you!
* * * LOW HITPOINT WARNING * * *
The wraith drains your vigour!
You feel as though you will be slow longer.
Fannar gestures wildly while chanting.
You climb upwards.
There is a stone staircase leading down here.
The gargoyle hits you with a +0 dire flail.
The ettin hits you with a +0 dire flail!!
* * * LOW HITPOINT WARNING * * *
The ettin barely misses you.
You barely miss the ettin.
The gargoyle hurls a stone arrow at you.
The stone arrow hits you!!
You die...
Xom bursts into laughter!

#.#.# #.#.######.....###
#.#.# #.#..............#
#.#.# #.########...[.#.#
#...# #.# #.....#.#
#..## #.# ####.##.# #..#
#.# #.##.# #..#
#.######## #.##.#
##..#####9.......#
#.##.#
#.......W@.#####.#
#.##.# ##..######C#
#.####.##.# ##.# #.#
#.......... #.# #.#
####....<.. #.# #.#
#....... #.# #.#
#......#
#.######.########.......
#........[...C..........
############.######.##>#


You could see an ettin, a wraith and a gargoyle.

Vanquished Creatures
  Erica (D:9)
  2 two-headed ogres
  Maurice (D:8)
  Psyche (D:7)
  2 unseen horrors
  A troll (D:10)
  13 yaks
  A vampire (D:9)
  2 wyverns
  4 steam dragons
  Menkaure (D:6)
  Edmund (D:6)
  An acid dragon (D:7)
  2 water moccasins (D:6)
  A black bear (D:8)
  An ice beast (D:8)
  3 orc warriors
  2 necrophages
  6 ogres
  4 centaurs
  3 kobold brigands
  2 bullfrogs
  A wyvern zombie (D:8)
  3 scorpions (D:5)
  2 gnoll sergeants
  9 killer bees
  10 wights
  4 howler monkeys
  2 jellies (D:8)
  A centaur zombie (D:6)
  3 hounds
  Crazy Yiuf (D:6)
  2 orc priests
  4 iguanas
  2 centaur skeletons (D:7)
  5 orc wizards
  A hound zombie (D:5)
  2 howler monkey zombies
  2 howler monkey skeletons
  14 gnolls
  8 adders
  2 shadow imps
  2 white imps (D:8)
  A worm (D:4)
  2 dart slugs
  24 orcs
  6 bats
  8 endoplasms
  4 giant cockroaches
  6 goblins
  8 hobgoblins
  10 jackals
  5 quokkas
  6 ball pythons
  3 frilled lizards
  21 kobolds
  5 rats
244 creatures vanquished.

Vanquished Creatures (others)
  2 gnolls (D:9)
  3 withered plants (D:7)
5 creatures vanquished.

Grand Total: 249 creatures vanquished

Notes
Turn   | Place    | Note
-------+----------+-------------------------------------------
     0 | D:1      | Spaninq the Troll Warper began the quest for the Orb.
     0 | D:1      | Reached XP level 1. HP: 19/19 MP: 1/1
    93 | D:1      | Reached XP level 2. HP: 18/28 MP: 2/2
    96 | D:1      | Learned a level 2 spell: Blink
   587 | D:1      | Reached skill level 3 in Unarmed Combat
   632 | D:1      | Reached XP level 3. HP: 35/35 MP: 3/3
  1169 | D:2      | Found a faded altar of an unknown god.
  1189 | D:2      | Became a worshipper of Xom of Chaos
  1212 | D:2      | Found Peyfec's Distillery.
  1364 | D:2      | Found a hazy altar of Hepliaklqana.
  1407 | D:2      | XOM: silly message
  1493 | D:2      | XOM: divination: magic mapping
  1605 | D:2      | XOM: silly message
  1685 | D:3      | Reached XP level 4. HP: 44/44 MP: 4/4
  1730 | D:3      | Reached skill level 4 in Unarmed Combat
  1825 | D:3      | Reached XP level 5. HP: 50/50 MP: 5/5
  1945 | D:3      | Found a glowing silver altar of Zin.
  1945 | D:3      | Found an opulent altar of Gozag.
  2131 | D:3      | Fell from the grace of Xom
  2131 | D:3      | Became a worshipper of Zin the Law-Giver
  2131 | D:3      | Reached * piety under Zin
  2252 | D:3      | Noticed an ogre
  2258 | D:3      | HP: 2/52 [ogre (26)]
  2302 | D:3      | Killed an ogre
  2303 | D:3      | Reached skill level 5 in Unarmed Combat
  2441 | D:3      | XOM: god gift: runed chain mail {god gift}
  2487 | D:3      | Reached XP level 6. HP: 61/61 MP: 6/6
  2599 | D:3      | XOM: noise
  2929 | D:4      | Reached ** piety under Zin
  2930 | D:4      | Reached skill level 6 in Unarmed Combat
  3019 | D:4      | Found a bloodstained altar of Trog.
  3065 | D:4      | Found a sparkling altar of Nemelex Xobeh.
  3253 | D:5      | Entered Level 5 of the Dungeon
  3263 | D:4      | Reached XP level 7. HP: 61/68 MP: 7/7
  3274 | D:4      | Reached skill level 1 in Invocations
  3435 | D:5      | XOM: 4-stop teleportation journey
  3487 | D:5      | Reached skill level 7 in Unarmed Combat
  3598 | D:5      | XOM: noise
  3601 | D:5      | Found an ornate altar of the Wu Jian Council.
  3611 | D:5      | Found a white marble altar of Elyvilon.
  3993 | D:5      | Reached XP level 8. HP: 55/79 MP: 8/8
  4104 | D:5      | Reached *** piety under Zin
  4155 | D:5      | Gained mutation: You are robust. (+10% HP) [potion of
                  | mutation]
  4183 | D:5      | XOM: give mutations
  4183 | D:5      | Lost mutation: You are robust. (+10% HP) [Xom's mischief]
  4183 | D:5      | Gained mutation: You are clumsy. (Dex -2) [Xom's mischief]
  4183 | D:5      | Gained mutation: You are very clumsy. (Dex -4) [Xom's
                  | mischief]
  4268 | D:5      | Found a burning altar of Makhleb.
  4310 | D:6      | Noticed Edmund
  4324 | D:6      | Killed Edmund
  4418 | D:6      | Identified the +5 spear of Kehint {flame, rC+ Str-3 Int+6}
  4442 | D:6      | Reached skill level 8 in Unarmed Combat
  4488 | D:6      | Found Dach's Weapon Boutique.
  4524 | D:6      | Found Cecledei's Jewellery Shoppe.
  4529 | D:6      | Noticed Menkaure
  4537 | D:6      | Killed Menkaure
  4543 | D:6      | Reached skill level 5 in Fighting
  4609 | D:6      | Found Ugrete's Book Shoppe.
  4774 | D:6      | Found Fumni's Assorted Antiques.
  4845 | D:6      | XOM: scenery: create altars
  4879 | D:6      | Reached skill level 9 in Unarmed Combat
  4879 | D:6      | Reached XP level 9. HP: 85/88 MP: 9/11
  4934 | D:6      | Found a shimmering blue altar of Sif Muna.
  4935 | D:6      | Found a shadowy altar of Dithmenos.
  4999 | D:6      | Found Tetoguek's Distillery.
  5213 | D:6      | Found a runed translucent door.
  5214 | D:6      | Noticed Crazy Yiuf
  5220 | D:6      | Killed Crazy Yiuf
  5564 | D:7      | Found a staircase to the Ecumenical Temple.
  5575 | D:7      | XOM: 1-stop teleportation journey
  5640 | D:7      | Reached skill level 10 in Unarmed Combat
  5689 | D:7      | Identified the +3 rapier of Azits {vorpal, Drain rCorr
                  | Dex+4}
  5865 | Temple   | Entered the Ecumenical Temple
  5910 | Temple   | XOM: silly message
  5921 | Temple   | XOM: silly message
  5960 | D:7      | Learned a level 1 spell: Apportation
  5972 | D:7      | XOM: silly message
  6058 | D:7      | Reached **** piety under Zin
  6224 | D:7      | Found a runed translucent gate.
  6224 | D:7      | Found a runed translucent gate.
  6224 | D:7      | Found a runed translucent gate.
  6225 | D:7      | Noticed TheBeaver's ghost (novice DrMo)
  6225 | D:7      | Noticed esper6's ghost (novice VSBr)
  6362 | D:8      | Noticed Psyche
  6400 | D:7      | Killed Psyche
  6495 | D:8      | Noticed a two-headed ogre
  6505 | D:8      | Killed a two-headed ogre
  6506 | D:8      | Reached skill level 11 in Unarmed Combat
  6506 | D:8      | Reached XP level 10. HP: 55/100 MP: 12/12
  7024 | D:8      | Reached skill level 12 in Unarmed Combat
  7134 | D:8      | Reached skill level 1 in Armour
  7196 | D:8      | Noticed Maurice
  7271 | D:8      | Killed Maurice
  7282 | D:8      | XOM: potion effect (curing)
  7540 | D:8      | Reached ***** piety under Zin
  7899 | D:9      | Found a sacrificial altar of Ru.
  7924 | D:9      | XOM: noise
  7948 | D:9      | Noticed Erica
  7970 | D:9      | Killed Erica
  8125 | D:9      | Reached XP level 11. HP: 78/111 MP: 13/13
  8550 | D:9      | XOM: give mutations
  8550 | D:9      | Gained mutation: You are dopey. (Int -2) [Xom's mischief]
  8593 | D:9      | XOM: give mutations
  8593 | D:9      | Gained mutation: You are frail. (-10% HP) [Xom's mischief]
  9039 | D:10     | Entered Level 10 of the Dungeon
  9477 | D:10     | Noticed a two-headed ogre
  9585 | D:10     | Killed a two-headed ogre
  9586 | D:10     | Reached skill level 13 in Unarmed Combat
  9910 | D:10     | Noticed an ettin
  9911 | D:10     | XOM: enchant monster (bad)
 10099 | D:10     | Identified the -3 helmet of Repulsion {Str+3}
 10176 | D:11     | Noticed Fannar
 10187 | D:10     | Killed from afar by a gargoyle

Illustrated notes

Levels and vault maps discovered:
D:1:      heliophobic_arrival_glass_houses, layout_loops_corners
D:2:      layout_basic, basic_altar, serial_shops, nicolae_diamond_shop,
          ebering_ecumenical_altar_sacrificial
D:3:      layout_loops_corners, grunt_temple_overflow_gold_and_silver,
          st_stairs_11, grunt_ministairs_7
D:4:      layout_rooms, kennysheep_mini, nemelex_xobeh_ov_fountains_minmay,
          kennysheep_pointless_box, corexii_leaking_fountain
D:5:      layout_basic, amethyst_overflow_temple_binary, lightli_temple_of_fire,
          hangedman_decor_slide_cut, due_unseen_surprise
D:6:      layout_loops_ring, minitemple, serial_shops, shop,
          nicolae_shop_temple_entry_statues_fountains,
          nicolae_shop_overgrown_old_shop, shop, nicolae_diamond_shop,
          uniq_menkaure, uniq_edmund, uniq_crazy_yiuf_cottage
D:7:      layout_rooms, minmay_temple_entry_junction, gammafunk_ghost_cemetery,
          chequers_jeans
D:8:      minmay_octagon_keep, layout_basic, kennysheep_decorative_pillar,
          uniq_psyche, uniq_maurice
D:9:      layout_grid_maze, nicolae_ru_the_path_less_chosen, uniq_erica
D:10:     layout_loops_ring, kennysheep_just_a_vault
D:11:     layout_cave_pools, lair_entry_dummy, erik_orc_3, serial_undead,
          serial_undead_c, serial_undead_d, serial_undead_d, serial_undead_a,
          uniq_grum, uniq_fannar
Temple:   nicolae_temple_hex_pool

Skill      XL: |  1  2  3  4  5  6  7  8  9 10 11 |
---------------+----------------------------------+-----
Fighting       | 2 3 4 5 6 7 8 |  8.1
Unarmed Combat | 3 4 5 6 7 9 11 12 13 | 13.1
Invocations    | 2 4 |  4.4
Dodging        | 3 |  3.9
Armour         | 2 3 |  3.2
Throwing       | |  0.8
Spellcasting   | |  1.2
Translocations | |  2.1

Action                   |  1- 3 |  4- 6 |  7- 9 | 10-12 || total
-------------------------+-------+-------+-------+-------++-------
Melee: Unarmed           |    72 |    60 |   241 |   246 ||   619
       Punch             |       |     1 |     3 |    13 ||    17
 Fire: Hunting sling     |    47 |    79 |    68 |    46 ||   240
 Cast: Blink             |       |       |       |     1 ||     1
Invok: Recite            |       |     4 |    20 |    20 ||    44
       Vitalisation      |       |       |     1 |       ||     1
       Imprison          |       |       |       |     1 ||     1
  Use: Potion            |       |       |     7 |     3 ||    10
       Scroll            |       |       |     7 |     3 ||    10
 Stab: Invisible         |       |       |     1 |     1 ||     2
Armor: Robe              |    23 |    19 |    60 |    52 ||   154
       Troll leather arm |       |       |       |     5 ||     5
Dodge: Dodged            |    33 |    27 |   127 |    88 ||   275
